 Dungeon Crawl Stone Soup version 0.29-a0-275-g389c0b56f3 (webtiles) character file.

Game seed: 4809751726104508980

171 siradein the Bolt Thrower (level 5, -2/31 HPs)
             Began as a Kobold Arcane Marksman on Mar 10, 2022.
             Shot with an arrow by a centaur (9 damage)
             ... on level 3 of the Dungeon.
             The game lasted 00:10:12 (4230 turns).

siradein the Bolt Thrower (Kobold Arcane Marksman)  Turns: 4230, Time: 00:10:13

Health: -2/31      AC:  3    Str:  7    XL:     5   Next: 81%
Magic:  9/17       EV: 14    Int: 17    God:
Gold:   161        SH:  0    Dex: 15    Spells: 2/8 levels left

rFire   . . .      SeeInvis .   a - +0 hand crossbow
rCold   . . .      Faith    .   (no shield)
rNeg    . . .      Spirit   .   s - +0 leather armour
rPois   .          Reflect  .   (no helmet)
rElec   .          Harm     .   (no cloak)
rCorr   .          Rampage  .   (no gloves)
Will    .....                   (no boots)
Stlth   +++.......              (no amulet)
HPRegen 0.10/turn               b - ring of magical power
MPRegen 0.15/turn               r - ring of wizardry

@: very slightly contaminated
A: small, no large weapons, nightstalker 3
a: no special abilities


You were on level 3 of the Dungeon.
You visited 1 branch of the dungeon, and saw 3 of its levels.

You collected 161 gold pieces.

Inventory:

Hand Weapons
 a - a +0 hand crossbow (weapon)
Armour
 s - a +0 leather armour (worn)
Jewellery
 b - a ring of magical power (left hand)
 f - a +6 ring of intelligence
 h - a ring of fire
 q - a ring of fire
 r - a ring of wizardry (right hand)
Wands
 m - a wand of polymorph (6)
Scrolls
 c - a scroll of vulnerability
 e - a scroll of magic mapping {unknown}
 i - a scroll of teleportation {unknown}
 o - a scroll of noise {unknown}
 p - a scroll of fog {unknown}
Potions
 d - 3 potions of haste {unknown}
 g - a potion of ambrosia {unknown}
 j - a potion of cancellation {unknown}
 k - a potion of brilliance {unknown}
 l - a potion of degeneration {unknown}
 n - a potion of lignification {unknown}


   Skills:
 + Level 2.3 Fighting
 + Level 3.8 Crossbows
 + Level 3.4 Dodging
 + Level 2.8 Stealth
 + Level 2.3 Spellcasting
 + Level 3.6 Hexes


You had 2 spell levels left.
You knew the following spells:

 Your Spells              Type           Power      Damage    Failure   Level
a - Slow                  Hex            56%        N/A       2%          1
b - Inner Flame           Hex/Fire       8%         N/A       16%         3
c - Ensorcelled Hibernat  Hex/Ice        16%        N/A       9%          2

Your spell library contained the following spells:

 Spells                   Type           Power      Damage    Failure   Level
 Animate Skeleton         Necr           2%         N/A       12%         1
 Apportation              Tloc           2%         N/A       12%         1
 Foxfire                  Conj/Fire      4%         2x1d4     12%         1
 Summon Small Mammal      Summ           4%         N/A       12%         1
 Static Discharge         Conj/Air       1%         N/A       16%         2
 Confusing Touch          Hex            14%        N/A       8%          3
 Portal Projectile        Hex/Tloc       16%        N/A       16%         3
 Cause Fear               Hex            7%         N/A       26%         4
 Conjure Flame            Conj/Fire      1%         6-21      32%         3
 Spider Form              Tmut/Pois      1%         N/A       32%         3
 Vampiric Draining        Necr           1%         2d6       32%         3
 Anguish                  Hex/Necr       4%         N/A       45%         4
 Flame Wave               Conj/Fire      1%         2d4       69%         4
 Lightning Bolt           Conj/Air       0%         1d11      95%         5
 Maxwell's Capacitive Co  Air            0%         ∞         100%        8


Dungeon Overview and Level Annotations

Branches:
Dungeon (3/15)

Altars:


Innate Abilities, Weirdness & Mutations

You are small and have problems with some larger weapons.
You are completely attuned to the shadows.


Message History

You start putting on your armour.
You continue putting on your +0 leather armour. x5
You finish putting on your +0 leather armour.
You drop a +0 robe.
r - a ring of wizardry (right hand)
Okay, then.
b - a ring of magical power You remove your +6 ring of intelligence.
You feel stupid.
You feel your magic capacity increase.
b - a ring of magical power (left hand)
There is an escape hatch in the floor here.
A centaur comes into view.
Found a stone staircase leading down.
The centaur wields a +4 shortbow.
The centaur shoots an arrow.
The arrow hits you.
The centaur shoots an arrow.
The arrow hits you.
You hear a shout!
A centaur is nearby!
A centaur is nearby!
A centaur is nearby!
A centaur is nearby!
You miscast Ensorcelled Hibernation.
You are very lightly contaminated with residual magic.
Nothing appears to happen.
The centaur shoots an arrow.
The arrow closely misses you.
You miscast Ensorcelled Hibernation.
Nothing appears to happen.
The centaur shoots an arrow.
The arrow hits you!
The centaur resists with some effort.
The centaur shoots an arrow.
The arrow hits you!
* * * LOW HITPOINT WARNING * * *
You hear a shout!
You are too injured to fight recklessly!
Casting: Ensorcelled Hibernation (safe; 9% risk of failure)
Confirm with . or Enter, or press ? or * to list all spells.
Aiming: Ensorcelled Hibernation (safe; 9% risk of failure)
Press: ? - help, Shift-Dir - straight line, f/p - centaur
Aim: a centaur, wielding a +4 shortbow (chance to affect: 41%)
The centaur resists with some effort.
The centaur shoots an arrow.
The arrow hits you!
You die...

#.# #.#
###.#.##
#.# #.##
#.....
#.# #..#
##..#.
#.# ##.##
##.##.
#.# #..##
#..###
##.#
##..#
#.....
#..# ##.#
#####.
#.## #.##
## #@#
#..# ##
......#
##.## #.
.......#
#..# #.
..c.....#
##.#####.
..>.....#
#.##....
#.##.###
#....#
######


You could see a centaur.

Vanquished Creatures
  Jessica (D:2)
  3 gnolls (D:2)
  6 adders
  An orc (D:3)
  7 ball pythons
  5 bats
  9 endoplasms
  2 giant cockroaches
  8 goblins
  4 hobgoblins
  5 quokkas
  2 frilled lizards (D:1)
  4 kobolds
  5 rats (D:1)
62 creatures vanquished.

Notes
Turn   | Place    | Note
-------+----------+-------------------------------------------
     0 | D:1      | siradein the Kobold Arcane Marksman began the quest for the
                  | Orb.
     0 | D:1      | Reached XP level 1. HP: 12/12 MP: 2/2
    59 | D:1      | Reached XP level 2. HP: 8/16 MP: 0/3
   459 | D:1      | Reached skill level 1 in Stealth
   805 | D:1      | Reached XP level 3. HP: 20/20 MP: 5/5
   809 | D:1      | Learned a level 3 spell: Inner Flame
  1360 | D:1      | Found a faded altar of an unknown god.
  1662 | D:2      | Reached XP level 4. HP: 18/26 MP: 6/6
  1852 | D:2      | Noticed Jessica
  1968 | D:2      | Killed Jessica
  1969 | D:2      | Reached XP level 5. HP: 17/30 MP: 6/8
  2899 | D:2      | Learned a level 2 spell: Ensorcelled Hibernation
  4226 | D:3      | Noticed a centaur
  4230 | D:3      | Shot with an arrow by a centaur

Illustrated notes

Levels and vault maps discovered:
D:1:      onia_arrival_handbag, layout_basic, chequers_ecumenical_altar_island,
          grunt_decor_clamped
D:2:      layout_basic, uniq_jessica
D:3:      layout_rooms, columned_hall_lemuel

Skill      XL: |  1  2  3  4 |
---------------+-------------+-----
Stealth        | 1 2 |  2.8
Crossbows      | 3 |  3.8
Dodging        | 3 |  3.4
Spellcasting   | 2 |  2.3
Fighting       | 2 |  2.3
Hexes          | |  3.6

Action                   |  1- 3 |  4- 6 || total
-------------------------+-------+-------++-------
Melee: Unarmed           |       |     4 ||     4
 Fire: Hand crossbow     |    87 |    99 ||   186
 Cast: Slow              |    14 |    12 ||    26
       Ensorcelled Hiber |       |     8 ||     8
Armor: Robe              |     3 |     5 ||     8
Dodge: Dodged            |    32 |    59 ||    91

Table legend: (Time is in decaauts)
 A = Elapsed time spent in this place.
 B = Non-inter-level travel time spent in this place.
 C = Inter-level travel time spent in this place.
 D = Time resting spent in this place.
 E = Time spent auto-exploring this place.
 F = Levels seen in this place.
 G = Mean time per level.
                   A        B        C        D        E       F      G
               +--------+--------+--------+--------+--------+-----+--------+
         Total |   4289 |   4218 |     71 |    162 |   3391 |   3 | 1429.7 |
       Dungeon |   4289 |   4218 |     71 |    162 |   3391 |   3 | 1429.7 |
               +--------+--------+--------+--------+--------+-----+--------+

Top non-repeatable levels by time:
     D:2: 2002 daAuts
     D:1: 1622 daAuts
     D:3: 664 daAuts
